 Dungeon Crawl Stone Soup version 0.21-a0-538-gd16b88a (webtiles) character file.

1333 slep the Chopper (level 8, -5/57 HPs)
             Began as a Formicid Fighter on Dec 16, 2017.
             Was a Believer of Okawaru.
             Killed by divine providence
             ... invoked by an orc priest
              (13 damage)
             ... on level 6 of the Dungeon.
             The game lasted 00:18:34 (4545 turns).

slep the Chopper (Formicid Fighter)                 Turns: 4545, Time: 00:18:34

Health: -5/57      AC:  6    Str: 21    XL:     8   Next: 92%
Magic:  8/8        EV: 10    Int:  8    God:    Okawaru [**....]
Gold:   302        SH: 10    Dex: 12    Spells: 7/7 levels left

rFire    . . .     SeeInvis +   H - +0 hand axe (curse)
rCold    + . .     Gourm    .   c - +0 shield
rNeg     . . .     Faith    .   y - +0 ring mail (curse)
rPois    .         Spirit   .   (helmet unavailable)
rElec    .         Reflect  .   (no cloak)
rCorr    .         Harm     .   (no gloves)
MR       .....                  (no boots)
Stlth    ..........             (no amulet)
HPRegen  0.19/turn              m - ring of protection from cold
MPRegen  0.11/turn              o - ring of loudness (curse)

@: no status effects
A: permanent stasis, dig shafts and tunnels, four strong arms, antennae 3, frail
1, sense surroundings 1
a: Dig, Shaft Self, Heroism, Renounce Religion


You were on level 6 of the Dungeon.
You worshipped Okawaru.
Okawaru was pleased with you.
You were near starving.

You visited 2 branches of the dungeon, and saw 7 of its levels.
You also visited: Sewer.

You collected 302 gold pieces.

Inventory:

Hand Weapons
 a - a +0 war axe
 H - a cursed +0 hand axe (weapon)
Missiles
 G - 8 tomahawks (quivered)
Armour
 b - a +0 scale mail
 c - a +0 shield (worn)
 y - a cursed +0 ring mail (worn)
 C - a +0 scale mail of magic resistance
Jewellery
 m - a ring of protection from cold (left hand)
 o - a cursed ring of loudness (right hand)
 t - an uncursed ring of stealth
Scrolls
 e - a scroll of fog {unknown}
 g - 5 scrolls of identify {unknown}
 k - 2 scrolls of amnesia {unknown}
 p - 6 scrolls of teleportation {unknown}
 q - 2 scrolls of noise {unknown}
 s - 2 scrolls of blinking {unknown}
 v - 4 scrolls of remove curse {unknown}
 w - a scroll of immolation {unknown}
 z - 2 scrolls of enchant weapon {unknown}
 F - 3 scrolls of magic mapping {unknown}
Potions
 d - 2 potions of might
 h - 9 potions of heal wounds {unknown}
 i - 4 potions of ambrosia {unknown}
 j - a potion of lignification {unknown}
 l - 2 potions of curing {unknown}
 u - 2 potions of haste {unknown}
 B - 2 potions of berserk rage {unknown}
 E - 6 potions of flight {unknown}
Books
 r - a book of Air

   Spells                             Type                      Level
   a - Shock                          Conjuration/Air              1
   b - Swiftness                      Charms/Air                   2
   c - Static Discharge               Conjuration/Air              3
   d - Airstrike                      Air                          4
   e - Lightning Bolt                 Conjuration/Air              5
 x - a book of Cantrips

   Spells                             Type                      Level
   a - Confusing Touch                Hexes                        1
   b - Animate Skeleton               Necromancy                   1
   c - Summon Small Mammal            Summoning                    1
   d - Apportation                    Translocation                1
Comestibles
 f - 4 bread rations
 n - 7 fruits
 A - 3 royal jellies
 D - 2 meat rations


   Skills:
 + Level 5.6 Fighting
 + Level 7.3 Axes
 + Level 5.1 Armour
 + Level 2.1 Dodging
 + Level 0.9 Stealth
 + Level 5.8 Shields


You had 7 spell levels left.
You didn't know any spells.

Dungeon Overview and Level Annotations

Branches:
Dungeon (6/15)             Temple (1/1) D:4

Altars:
Ashenzari
Cheibriados
Dithmenos
Elyvilon
Fedhas
Gozag
Hepliaklqana
Kikubaaqudgha
Makhleb
Nemelex Xobeh
Okawaru
Qazlal
Ru
Sif Muna
Trog
Uskayaw
Vehumet
Wu Jian
Yredelemnul
Zin
The Shining One


Innate Abilities, Weirdness & Mutations

You cannot be hasted, slowed, berserked, paralysed or teleported.
You can dig through walls and to a lower floor.
Your four strong arms can wield two-handed weapons with a shield.
You have a pair of large antennae on your head. (SInv)
You are frail. (-10% HP)
You passively map a small area around you.


Message History

You block the orc warrior's attack.
You hit the orc but do no damage.
The orc is moderately wounded.
You closely miss the orc. You hit the orc warrior. You block the orc's attack.
A hound comes into view.
You hit the orc.
The orc is severely wounded.
You hit the orc warrior. You hit the orc.
The orc warrior hits you with a dire flail!
* * * LOW HITPOINT WARNING * * *
The orc hits you with a flail.
* * * LOW HITPOINT WARNING * * *
You block the orc's attack.
The orc priest miscasts a cantrip.
You block the orc's attack. The orc barely misses you.
An orc comes into view. It is wielding a hand axe of freezing.
The orc priest calls down the wrath of Beogh upon you.
Beogh smites you!
You die...

#.#.#.# , * , .#.#.#.
, , ......o * * *
..<....########
....{h.)...?..., #oo#
* , #.o# * ,
#oo############## ,
,#).@............#*,,
, ,
#.#####.........#**
#.#####.........####
{
#...........<.......
≈ *
#######......)......
########......
#........ #.#†.....
#........


You could see an orc warrior, a hound, an orc priest and 4 orcs.

Vanquished Creatures
  Grinder (D:3)
  A sky beast (D:5)
  An ogre (D:5)
  A big kobold (Sewer)
  2 bullfrogs
  A gnoll sergeant (D:4)
  A water moccasin zombie (D:5)
  A scorpion (D:4)
  A crimson imp (D:5)
  2 hounds
  2 orc wizards (D:5)
  4 orc priests
  3 iguanas
  A bullfrog skeleton (D:5)
  Terence (D:2)
  5 gnolls
  An adder (D:4)
  4 river rats
  5 worms
  4 dart slugs
  4 leopard geckos
  7 orcs
  5 bats
  6 giant cockroaches
  4 goblins
  12 hobgoblins
  4 jackals
  10 kobolds
  2 quokkas
  3 ball pythons
  5 frilled lizards
  A leopard gecko zombie (D:3)
  14 rats
119 creatures vanquished.

Vanquished Creatures (others)
  A bullfrog (D:6)
  A hound (D:6)
  An adder (D:6)
3 creatures vanquished.

Grand Total: 122 creatures vanquished

Notes
Turn   | Place    | Note
-------+----------+-------------------------------------------
     0 | D:1      | slep the Formicid Fighter began the quest for the Orb.
     0 | D:1      | Reached XP level 1. HP: 18/18 MP: 1/1
    59 | D:1      | Reached XP level 2. HP: 22/24 MP: 2/2
   297 | D:1      | Reached XP level 3. HP: 24/29 MP: 3/3
   761 | D:2      | Reached XP level 4. HP: 34/37 MP: 4/4
   767 | D:2      | Noticed Terence
   774 | D:2      | Killed Terence
   774 | D:2      | Reached skill level 3 in Axes
   957 | D:2      | Found a radiant altar of Vehumet.
  1337 | D:2      | Found a stormy altar of Qazlal.
  1349 | D:2      | Reached XP level 5. HP: 42/42 MP: 5/5
  1415 | D:3      | Noticed Grinder
  1422 | D:3      | Killed Grinder
  1422 | D:3      | Reached skill level 4 in Axes
  1422 | D:3      | Reached XP level 6. HP: 42/48 MP: 6/6
  1471 | D:3      | Found an ancient bone altar of Kikubaaqudgha.
  1660 | D:3      | Reached skill level 1 in Dodging
  1660 | D:3      | Reached XP level 7. HP: 28/54 MP: 7/7
  1788 | D:3      | Found an opulent altar of Gozag.
  1796 | D:3      | Reached skill level 5 in Shields
  1822 | D:3      | Reached skill level 5 in Axes
  2159 | D:4      | Found a staircase to the Ecumenical Temple.
  2174 | Temple   | Entered the Ecumenical Temple
  2281 | Temple   | Became a worshipper of Warmaster Okawaru
  2662 | D:4      | Found a deep blue altar of Sif Muna.
  3091 | D:5      | Entered Level 5 of the Dungeon
  3289 | D:5      | Reached XP level 8. HP: 21/61 MP: 8/8
  3498 | D:5      | Reached * piety under Okawaru
  3498 | D:5      | Reached skill level 6 in Axes
  3502 | D:5      | Gained mutation: You passively map a small area around you. [mutagenic meat]
  3503 | D:5      | Gained mutation: You are frail. (-10% HP) [mutagenic meat]
  3616 | D:5      | Reached skill level 5 in Fighting
  3945 | D:5      | Reached ** piety under Okawaru
  3945 | D:5      | Reached skill level 5 in Armour
  4153 | D:5      | Noticed a moth of wrath
  4156 | D:5      | Found a bloodstained altar of Trog.
  4320 | D:6      | Found a glowing drain.
  4330 | D:6      | Reached skill level 7 in Axes
  4343 | Sewer    | Entered a sewer
  4459 | Sewer    | Found a white marble altar of Elyvilon.
  4545 | D:6      | Killed from afar by an orc priest

Vault maps used:
D:1:      scummos_arrival_forest
D:2:      lemuel_doored_altar, vehumet_crystals, minivault_5, uniq_terence
D:3:      old_standard_altar, grunt_gozag_statues, uniq_grinder
D:4:      kennysheep_mini, temple_fountains
D:5:      tgw_trog, first_bread, minivault_14
D:6:      xom_confusion_cloud, basic_altar, portal_sewer_entry_a
Temple:   regret_index_temple_sphere_string
Sewer:    sewer_kobolds

Skill      XL: |  1  2  3  4  5  6  7  8 |
---------------+-------------------------+-----
Shields        | 4 5 |  5.8
Axes           | 3 4 5 7 |  7.3
Armour         | 4 5 |  5.1
Fighting       | 4 5 |  5.6
Dodging        | 1 2 |  2.1
Stealth        | |  0.9

Action                   |  1- 3 |  4- 6 |  7- 9 || total
-------------------------+-------+-------+-------++-------
Melee: War axe           |    97 |   108 |   216 ||   421
       Hand axe          |       |       |    64 ||    64
  Eat: Chunk             |       |     3 |    10 ||    13
Armor: Scale mail        |    59 |    32 |       ||    91
       Ring mail         |       |       |    73 ||    73
Dodge: Dodged            |    41 |    36 |   111 ||   188
Block: Shield            |    56 |    44 |   151 ||   251

Table legend:
 A = Spawn XP
 B = Non-spawn XP
 C = Spawn XP percentage of total XP
 D = Spawn monster count
 E = Non-spawn monster count
 F = Spawn count percentage of total count
 G = Total turns spent on level
                    A         B        C        D         E        F      G
               +---------+---------+-------+---------+---------+-------+---------
         Total |       0 |    1905 |   0.0 |       0 |     119 |   0.0 |  4545
               +---------+---------+-------+---------+---------+-------+---------
           D:1 |       0 |      60 |   0.0 |       0 |      26 |   0.0 |   487
           D:2 |       0 |      83 |   0.0 |       0 |      21 |   0.0 |   924
           D:3 |       0 |     464 |   0.0 |       0 |      23 |   0.0 |   707
           D:4 |       0 |     348 |   0.0 |       0 |      12 |   0.0 |   949
           D:5 |       0 |     704 |   0.0 |       0 |      22 |   0.0 |  1101
           D:6 |       0 |     103 |   0.0 |       0 |       6 |   0.0 |    68
         Sewer |       0 |     143 |   0.0 |       0 |       9 |   0.0 |   159
               +---------+---------+-------+---------+---------+-------+---------
